[Event "Fall GM-C Norm Invitational 2022"]
[Site "Charlotte"]
[Date "2022.11.22"]
[Round "9"]
[White "Slade, Theodore"]
[Black "Macieja, Bartlomiej"]
[Result "0-1"]
[ECO "A62"]
[WhiteElo "2028"]
[BlackElo "2514"]
[Annotator "TA"]
[PlyCount "100"]
[EventDate "2022.11.18"]
[EventType "tourn"]
[EventCountry "USA"]
[SourceTitle "playchess.com"]
[Source "ChessBase"]
[SourceQuality "1"]
[TimeControl "5400+30"]

1. d4 Nf6 2. c4 e6 3. g3 c5 4. d5 exd5 5. cxd5 d6 6. Nc3 g6 7. Bg2 Bg7 8. Nf3 O-O 9. O-O Re8 10. Bf4 h6 {[%emt 0:00:03] 10...Bf5 is the modern continuation. A62: Modern Benoni: Fianchetto Variation without early ...Nbd7.} 11. Re1 g5 12. Bd2 Bf5 {[%emt 0:00:04] The position is equal.} 13. h4 g4 14. Nh2 h5 ({Black should play} 14... Qd7 $11) 15. e4 (15. Bf4 $14) 15... Bg6 $11 {[%emt 0:00:13] [#]} 16. Bg5 $146 ({Predecessor:} 16. Bf4 a6 17. a4 Nfd7 18. Nf1 Ne5 19. Ne3 Nbd7 20. Nf5 Bf8 21. b3 Rc8 22. a5 {0-1 (30) Perez,R (2362)-Jacobson,B (2533) New York 2022}) 16... Nbd7 17. f4 {[%emt 0:16:12] [#]} (17. Nf1 $11) 17... gxf3 $1 $17 18. Bxf3 c4 {[%emt 0:41:38] White must now prevent ...Qb6+.} 19. Kh1 (19. Kg2 $1 $15) 19... b5 20. Nxb5 Qb6 21. Nc3 Qxb2 {[%emt 0:00:28] Black is more active.} 22. Bd2 {[%emt 0:02:17] White does not recover from this.} (22. Rc1 $17 {was necessary.}) 22... Nxe4 23. Bxe4 {[%emt 0:15:55] [#] And now Rb1 would win.} Bxc3 24. Bxc3 Qxc3 ({Not} 24... Bxe4+ 25. Rxe4 Qxc3 26. Rc1 Qxg3 27. Rexc4 $17) 25. Bxg6 (25. Rc1 $142 Qa5 26. Bxg6 fxg6 27. Re6) 25... Rxe1+ 26. Qxe1 Qxe1+ 27. Rxe1 fxg6 $19 {[%emt 0:00:03][%mdl 4096] Endgame KRN-KRN} 28. Nf3 Rc8 29. Nd4 Rc5 30. Nc6 c3 31. Rc1 (31. Kg2 $142) 31... Ne5 32. Nxe5 dxe5 {[%emt 0:00:08][%cal Bd6e5,Be5e4,Be4e3,Be3e2][%mdl 32] KR-KR} 33. Kg2 Kf7 {[%emt 0:00:05] Threatens to win with ...c2.} 34. Kf3 Ke7 35. Ke4 Kd6 {[%emt 0:00:02] ...c2 is the strong threat.} 36. Kd3 c2 {[%emt 0:00:17] Black mates.} 37. Rxc2 e4+ 38. Kd2 Rxc2+ 39. Kxc2 Kxd5 {[%emt 0:00:04] KP-KP} 40. Kc3 Kc5 41. Kd2 Kd4 42. Ke2 e3 43. a4 a5 44. Ke1 Kd3 45. Kd1 e2+ 46. Ke1 Ke3 47. g4 hxg4 48. h5 g3 49. hxg6 g2 50. g7 g1=B {[%emt 0:00:43] Weighted Error Value: White=0.77/Black=0.10 (very precise)} 0-1